 Dungeon Crawl Stone Soup version 0.18-a0-750-g37044d6 (webtiles) character file.

195368 4thArraOfDagon the Executioner (level 17, -28/222 HPs)
             Began as a Hill Orc Berserker on Dec 11, 2015.
             Was a Priest of Trog (penitent).
             Annihilated by a stone giant (48 damage)
             ... created by the rage of Trog
             ... on level 8 of the Lair of Beasts.
             The game lasted 01:37:46 (9740 turns).

4thArraOfDagon the Executioner (Hill Orc Berserker) Turns: 9740, Time: 01:37:46

Health: -28/222    AC: 30    Str: 27      XL:     17   Next: 92%
Magic:  11/11      EV: 18    Int: 12      God:    Trog [*]
Gold:   738        SH:  0    Dex: 11 (14) Spells: 5 memorised, 4 levels left

rFire  + . .     SeeInvis +     p - +9 executioner's axe (antimagic)
rCold  + . .     Clarity  +     M - +5 swamp dragon armour "Wecin" {-Cast rPois rF+ Dex+4}
rNeg   + . .     SustAt   .     (shield currently unavailable)
rPois  +         Gourm    .     U - +2 helmet {SInv}
rElec  .         Spirit   .     I - +0 cloak
rCorr  .         Dismiss  .     d - +2 pair of gloves of Niaxt {rC+ rN+ MP+9}
rMut   .         Stasis   .     W - +2 pair of boots {Fly}
MR     ++...     NoCast   +     S - amulet of rage
Stlth  ..........               J - +4 ring of evasion
                                i - ring of protection from magic

@: berserking (expiring), very quick, very resistant to hostile enchantments,
extremely unstealthy
A: molten scales 1, clarity, low mp 1
a: Burn Spellbooks, Renounce Religion, Evoke Berserk Rage, Evoke Flight
}: 2/15 runes: decaying, slimy


You were on level 8 of the Lair of Beasts.
You worshipped Trog.
Trog was demanding penance.
You were very full.

You visited 6 branches of the dungeon, and saw 40 of its levels.
You also visited: Labyrinth.

You collected 4229 gold pieces.
You spent 3491 gold pieces at shops.

Inventory:

Hand Weapons
 p - a +9 antimagic executioner's axe (weapon)
Armour
 d - the +2 pair of gloves of Niaxt (worn) {rC+ rN+ MP+9}
   (You found it on level 12 of the Dungeon)

   It protects you from cold.
   It protects you from negative energy.
   It affects your magic capacity (+9).
 I - a +0 cloak (worn)
 M - the +5 swamp dragon armour "Wecin" (worn) {-Cast rPois rF+ Dex+4}
   (You found it on level 3 of the Elven Halls)

   It affects your dexterity (+4).
   It protects you from fire.
   It protects you from poison.
   It prevents spellcasting.
 U - a +2 helmet of see invisible (worn)
 W - a +2 pair of boots of flying (worn)
Rods
 P - a +7 rod of ignition (11/11)
   (You found it on level 6 of the Pits of Slime)
Jewellery
 f - an uncursed amulet of clarity
 g - the ring "Agiuh" {rC+ Dex+3 Stlth+}
   (You found it on level 8 of the Dungeon)

   [ring of dexterity]

   It affects your dexterity (+3).
   It protects you from cold.
   It makes you more stealthy.
 i - a ring of protection from magic (left hand)
 k - an uncursed amulet of regeneration
 n - the amulet of the Air {Inacc +Fly rElec EV+5 RMsl}
   (You found it on level 6 of the Pits of Slime)

   [amulet of inaccuracy]

   It reduces the accuracy of all your attacks.
   It affects your evasion (+5).
   It insulates you from electricity.
   It lets you fly.
   It protects you from missiles.
 q - an uncursed amulet of resist corrosion
 G - the ring "Qibol" {Fire Int+4}
   (You took it off a deep elf mage on level 3 of the Elven Halls)

   [ring of fire]

   It enhances your fire magic, and weakens your ice magic.
   It affects your intelligence (+4).
   It protects you from fire.
   It makes you vulnerable to cold.
 J - a +4 ring of evasion (right hand)
 K - an uncursed ring of see invisible
 O - an uncursed ring of positive energy
 S - an amulet of rage (around neck)
 Z - an uncursed ring of poison resistance
Wands
 t - a wand of teleportation (6)
 u - a wand of digging (3)
 H - a wand of disintegration (11)
Scrolls
 a - a scroll of teleportation
 b - a scroll of enchant armour
 e - 4 scrolls of remove curse
 w - 3 scrolls of magic mapping
 C - 2 scrolls of immolation
 F - a scroll of fear
 Q - a scroll of recharging
 V - 2 scrolls of holy word
 Y - a scroll of blinking
Potions
 j - a potion of brilliance
 l - 12 potions of curing
 m - a potion of agility
 r - a potion of flight {unknown}
 v - a potion of cancellation
 z - a potion of haste
 A - a potion of resistance
 B - 2 potions of berserk rage
 D - a potion of magic
 E - 4 potions of might
 N - 3 potions of heal wounds
 R - a potion of invisibility {unknown}
Books
 L - a book of Enchantments

   Spells                             Type                      Level
   a - Cause Fear                     Hexes                        4
   b - Yara's Violent Unravelling     Hexes/Transmutation          5
   c - Silence                        Hexes/Air                    5
   d - Deflect Missiles               Charms/Air                   6
   e - Haste                          Charms                       6
   f - Discord                        Hexes                        8
   Trog disapproves of the use of such an item.
 X - an Akashic Record

   Spells                             Type                      Level
   a - Dispersal                      Translocation                6
   b - Malign Gateway                 Summoning/Translocation      7
   c - Disjunction                    Translocation                8
   d - Controlled Blink               Translocation                8
   Trog disapproves of the use of such an item.
Miscellaneous
 h - a fan of gales (inert)
 y - a phial of floods
Comestibles
 c - 7 bread rations
 o - 10 meat rations


   Skills:
 - Level 12.4 Fighting
 * Level 26.2 Axes
 - Level 15.6 Armour
 - Level 7.0 Dodging
 - Level 14.0 Evocations


You had 4 spell levels left.
You knew the following spells:

 Your Spells              Type           Power        Failure   Level  Hunger
a - Apportation           Tloc           #.........   41%         1    ##.....
b - Repel Missiles        Chrm/Air       #.....       67%         2    ###....
c - Passage of Golubria   Tloc           N/A          100%        4    #####..
d - Song of Slaying       Chrm           #.......     67%         2    ###....
e - Spectral Weapon       Hex/Chrm       #.......     95%         3    ####...


Dungeon Overview and Level Annotations

Branches:
Dungeon (15/15)              Lair (8/8) D:11          Swamp (4/4) Lair:5
  Slime (6/6) Lair:6          Orc (4/4) D:12            Elf (3/3) Orc:3
 Temple: D:4-7        Snake: Lair:3-6    Spider: Lair:3-6    Vaults: D:13-14
 Depths: D:15

Altars:
Cheibriados
Elyvilon
Fedhas
Okawaru
Pakellas
Vehumet
Yredelemnul
Beogh
Jiyva

Shops:
D:11 **[(   D:12 *   D:15 [   Orc:4 !?[[

Annotations:
Lair:4 INTERSting but not really
Elf:3 exclusion: Roxanne, Roxanne


Innate Abilities, Weirdness & Mutations

You are partially covered in molten scales (AC +1).
You possess an exceptional clarity of mind.
Your magical capacity is low (-10% MP).


Message History

* * * LOW HITPOINT WARNING * * *
The polar bear claws you but does no damage.
The ogre hits you with a giant club!
* * * LOW HITPOINT WARNING * * *
Your air elemental barely misses the polar bear.
Unknown command.
Unknown command.
Unknown command.
Unknown command.
You completely miss the stone giant.
The stone giant is almost dead.
You barely miss the polar bear.
The polar bear is severely wounded.
You slash the ogre!
You kill the ogre!
That felt strangely unrewarding.
Your air elemental barely misses the polar bear.
You hear an angry growl.
The stone giant hits you!!!
You die...

.. ..## ....###
.......###
.........#
.........##
.....?Ch..#
......†@E#
###...†...P....
#...........#
##...........
#P#.#.P.....
#### ..P....


PP..... PP..... You could see a stone giant (berserk), a polar bear (berserk)
and a friendly air elemental.

Vanquished Creatures
  the Royal Jelly (Slime:6)
  Norris (Elf:3)
  A tentacled monstrosity (Swamp:4)
  2 deep elf blademasters (Elf:3)
  A deep elf master archer (Elf:3)
  17 acid blobs
  A thorn hunter (Swamp:4)
  13 azure jellies
  Donald (Orc:4)
  4 deep elf sorcerers (Elf:3)
  Maud (Orc:4)
  A very ugly thing (Swamp:4)
  9 deep elf annihilators (Elf:3)
  3 deep elf demonologists (Elf:3)
  2 green deaths (Swamp:4)
  3 death oozes (Slime:6)
  5 deep elf death magi
  A minotaur (Lab)
  2 deep elf high priests (Elf:3)
  9 great orbs of eyes
  7 hydras
  A ghost crab (Swamp:4)
  A dancing weapon (Elf:2)
  2 centaur warriors
  4 alligators
  3 death yaks (Lair:8)
  3 orc high priests
  A thrashing horror (Swamp:4)
  3 deep elf knights
  3 spriggans
  A spriggan druid (Swamp:4)
  4 deep elf summoners
  7 deep elf conjurers
  3 shambling mangroves
  2 hill giants
  4 swamp dragons (Swamp:4)
  3 orc knights
  An orc sorcerer (Orc:2)
  A griffon (Lair:4)
  5 ugly things
  The ghost of 4thArraOfDagon the Unseen, a novice FeFi of Dithmenos (Lair:5)
  2 cyclopes
  72 slime creatures
  5 elephants (Lair:5)
  Maurice (D:11)
  A hornet (Swamp:1)
  2 centaur zombies
  A black mamba (Lair:4)
  2 centaur skeletons
  A gargoyle (D:11)
  2 eyes of devastation
  A komodo dragon (Swamp:2)
  9 spiny frogs
  An efreet (D:13)
  2 tengu conjurers
  4 deep elf priests (Elf:1)
  5 trolls
  A polar bear (Lair:8)
  3 giant leeches
  2 bog bodies (Swamp:4)
  13 blink frogs
  A trapdoor spider (D:12)
  A wyvern (D:11)
  4 golden eyes (Slime:6)
  A basilisk (Lair:7)
  A human (D:8)
  20 deep elf magi
  22 yaks
  3 hippogriffs
  4 shadows (Swamp:4)
  13 deep elf fighters
  3 wolves (Lair:5)
  A wraith (D:13)
  4 hungry ghosts (Lab)
  A mottled dragon (D:11)
  10 swamp worms
  4 wargs
  7 vampire mosquitoes
  Edmund (D:6)
  6 insubstantial wisps (Swamp:3)
  A sky beast (D:10)
  5 porcupines
  29 orc warriors
  5 water moccasins
  2 phantoms
  2 swamp drakes
  An ice beast (D:7)
  9 ogres
  9 wasps
  4 eyes of draining
  A large abomination (Swamp:4)
  5 centaurs
  7 crocodiles
  A big kobold (D:10)
  6 giant frogs
  15 killer bees
  A scorpion (D:7)
  2 electric eels (Lair:5)
  2 crimson imps
  2 hounds
  A lava snake (D:12)
  16 jellies
  16 orc priests
  2 worker ants
  An iguana (Lair:1)
  4 sheep
  21 orc wizards
  2 adders
  20 river rats
  2 oozes (Lair:6)
  A giant gecko (D:3)
  126 orcs
  8 hobgoblins
  10 jackals
  3 bats
  4 giant newts
  2 goblins (D:3)
  11 kobolds
  A quokka skeleton (D:8)
  3 rats (D:3)
  A fungus (Lair:2)
  3 plants
742 creatures vanquished.

Vanquished Creatures (collateral kills)
  2 acid blobs (Slime:6)
  An azure jelly (Slime:6)
  2 hydras (Swamp:4)
  A thrashing horror (Swamp:4)
  A swamp dragon (Swamp:4)
  An orange demon (Swamp:4)
  A deep elf priest (Elf:3)
  A polar bear (Lair:8)
  6 slime creatures (Swamp:4)
  3 bog bodies (Swamp:4)
  A shadow (Swamp:4)
  3 centaurs (Orc:4)
  2 orc warriors (Orc:4)
  A wasp (Swamp:4)
  An orc wizard (Orc:4)
  3 orcs (Orc:4)
30 creatures vanquished.

Vanquished Creatures (others)
  A wasp (Swamp:4)
  2 briar patches (Swamp:4)
  2 fungi (Lair:6)
  A plant (Lair:8)
6 creatures vanquished.

Grand Total: 778 creatures vanquished

Notes
Turn   | Place    | Note
--------------------------------------------------------------
     0 | D:1      | 4thArraOfDagon the Hill Orc Berserker began the quest for the Orb.
     0 | D:1      | Reached XP level 1. HP: 19/19 MP: 1/1
   166 | D:2      | Found a faded altar to an unknown god.
   172 | D:2      | Reached XP level 2. HP: 6/27 MP: 2/2
   201 | D:2      | Found a white marble altar of Elyvilon.
   269 | D:3      | Reached XP level 3. HP: 20/33 MP: 3/3
   316 | D:3      | Reached ** piety under Trog
   373 | D:3      | Reached skill level 5 in Axes
   378 | D:3      | Reached XP level 4. HP: 12/40 MP: 4/4
   449 | D:3      | Found a blossoming altar of Fedhas.
   560 | D:5      | Entered Level 5 of the Dungeon
   622 | D:6      | Noticed Edmund
   667 | D:6      | Killed Edmund
   667 | D:6      | Reached skill level 6 in Axes
   667 | D:6      | Reached XP level 5. HP: 32/47 MP: 5/5
   708 | D:6      | Reached XP level 6. HP: 45/55 MP: 6/6
   858 | D:7      | Found a radiant altar of Vehumet.
   906 | D:7      | Reached skill level 5 in Fighting
   906 | D:7      | Reached skill level 7 in Axes
   910 | D:7      | Reached XP level 7. HP: 61/61 MP: 7/7
   950 | D:7      | Reached skill level 8 in Axes
   999 | D:8      | Got a shimmering tin ring
  1001 | D:8      | Identified the ring "Agiuh" {rC+ Dex+3 Stlth+} (You found it on level 8 of the Dungeon)
  1061 | D:8      | iso better weapon :(
  1069 | D:8      | Noticed a human
  1084 | D:8      | Killed a human
  1084 | D:8      | Reached skill level 5 in Armour
  1148 | D:8      | Found a snail-covered altar of Cheibriados.
  1240 | D:10     | Entered Level 10 of the Dungeon
  1245 | D:10     | Noticed a hill giant
  1261 | D:10     | Killed a hill giant
  1261 | D:10     | Reached skill level 9 in Axes
  1261 | D:10     | Reached XP level 8. HP: 71/71 MP: 8/8
  1266 | D:10     | Noticed a centaur zombie
  1302 | D:10     | Killed a centaur zombie
  1302 | D:10     | Reached skill level 10 in Axes
  1394 | D:11     | Found Taboduff's Armour Shop.
  1397 | D:11     | Noticed a gargoyle
  1410 | D:11     | Killed a gargoyle
  1410 | D:11     | Reached skill level 11 in Axes
  1410 | D:11     | Reached XP level 9. HP: 80/80 MP: 9/9
  1476 | D:11     | Noticed a green ugly thing
  1478 | D:11     | Noticed a centaur skeleton
  1506 | D:11     | Killed a green ugly thing
  1506 | D:11     | Reached skill level 12 in Axes
  1564 | D:11     | Reached *** piety under Trog
  1576 | D:11     | Killed a centaur skeleton
  1635 | D:11     | Found Wibin's Weapon Boutique.
  1638 | D:11     | Noticed Maurice
  1665 | D:11     | Reached XP level 10. HP: 90/90 MP: 10/10
  1671 | D:11     | Killed Maurice
  1671 | D:11     | Reached skill level 13 in Axes
  1733 | D:11     | Found a staircase to the Lair.
  1762 | D:11     | Noticed a hill giant
  1774 | D:11     | Killed a hill giant
  1800 | D:11     | Noticed a hill giant
  1881 | D:11     | Found an oddly glowing altar of Pakellas.
  1901 | D:11     | Found Baveo's Assorted Antiques.
  1903 | D:11     | Found Biulliv's Assorted Antiques.
  1916 | D:11     | Bought a scroll labeled GOPLACIPSA for 30 gold pieces
  1916 | D:11     | Bought a glowing helmet for 135 gold pieces
  1916 | D:11     | Bought a scroll labeled ENUBICZUCE for 30 gold pieces
  1939 | D:11     | Reached skill level 14 in Axes
  2173 | D:10     | Reached skill level 10 in Fighting
  2282 | D:12     | Found Gexorourch's Assorted Antiques.
  2285 | D:12     | Bought a scroll labeled JAGGARUIPSI for 27 gold pieces
  2285 | D:12     | Bought a scroll labeled WASERI BAOXEN for 27 gold pieces
  2364 | D:13     | Reached XP level 11. HP: 100/100 MP: 11/11
  2365 | D:13     | Reached skill level 15 in Axes
  2374 | D:13     | Noticed a centaur warrior
  2396 | D:13     | Killed a centaur warrior
  2583 | D:13     | HP: 2/101 [tengu conjurer (8)]
  2845 | D:15     | Entered Level 15 of the Dungeon
  2855 | D:15     | Found Wiskouro's Antique Armour Shoppe.
  2873 | D:15     | Identified a scroll of acquirement
  2878 | D:15     | Bought a pair of polished gloves for 218 gold pieces
  2878 | D:15     | Bought a runed cloak for 103 gold pieces
  2888 | D:15     | Identified the cursed -3 pair of gloves of the Bells {rF+ rN+ Stlth-} (You bought it in a shop on level 15 of the Dungeon)
  3059 | D:11     | Bought a potion of might for 144 gold pieces
  3067 | D:11     | Bought a potion of might for 120 gold pieces
  3067 | D:11     | Bought a glowing copper ring for 150 gold pieces
  3067 | D:11     | Bought a marble ring for 150 gold pieces
  3120 | D:11     | Bought a +2 battleaxe of freezing for 379 gold pieces
  3176 | D:12     | Reached skill level 16 in Axes
  3176 | D:12     | Reached skill level 10 in Armour
  3188 | D:12     | Bought a potion of curing for 81 gold pieces
  3188 | D:12     | Bought a scroll of identify for 54 gold pieces
  3188 | D:12     | Bought a scroll of identify for 54 gold pieces
  3188 | D:12     | Bought a potion of curing for 81 gold pieces
  3188 | D:12     | Bought a scroll labeled XOCIAC UQUIPTI for 27 gold pieces
  3286 | D:12     | Found a staircase to the Orcish Mines.
  3307 | D:12     | Found an iron altar of Okawaru.
  3311 | D:12     | Got a pair of smoking gloves
  3330 | Orc:1    | Entered Level 1 of the Orcish Mines
  3382 | Orc:1    | Identified the +2 pair of gloves of Niaxt {rC+ rN+ MP+9} (You found it on level 12 of the Dungeon)
  3544 | Orc:3    | Noticed an orc high priest
  3552 | Orc:3    | Killed an orc high priest
  3552 | Orc:3    | Reached **** piety under Trog
  3576 | Orc:3    | Found a staircase to the Elven Halls.
  3762 | Orc:3    | Found a roughly hewn altar of Beogh.
  3792 | Orc:3    | Noticed an orc knight
  3807 | Orc:3    | Killed an orc knight
  3807 | Orc:3    | Reached XP level 12. HP: 71/110 MP: 12/12
  3872 | Orc:3    | there is your +6slayng
  3906 | Orc:3    | Reached ***** piety under Trog
  4004 | Orc:4    | Entered Level 4 of the Orcish Mines
  4063 | Orc:4    | Reached skill level 1 in Evocations
  4105 | Orc:4    | Reached skill level 17 in Axes
  4184 | Orc:4    | Noticed a centaur warrior
  4186 | Orc:4    | Noticed Maud
  4199 | Orc:4    | Killed a centaur warrior
  4202 | Orc:4    | Killed Maud
  4276 | Orc:4    | Noticed Donald
  4283 | Orc:4    | Received a gift from Trog
  4299 | Orc:4    | Killed Donald
  4423 | Orc:4    | Found Liyt Asa's Antique Armour Boutique.
  4423 | Orc:4    | Found Yreabusk's Magic Scroll Shoppe.
  4425 | Orc:4    | Found Lineh's Distillery.
  4427 | Orc:4    | Found Tipt's Antique Armour Shop.
  4433 | Orc:4    | Noticed a centaur warrior
  4464 | Orc:4    | Bought a potion of heal wounds for 65 gold pieces
  4464 | Orc:4    | Bought a potion of heal wounds for 65 gold pieces
  4464 | Orc:4    | Bought 2 potions of heal wounds for 130 gold pieces
  4471 | Orc:4    | Bought a pair of embroidered boots for 130 gold pieces
  4481 | Orc:4    | Bought a pair of runed boots for 130 gold pieces
  4494 | Orc:4    | Bought a turquoise-encrusted ring mail for 261 gold pieces
  4495 | Orc:4    | Bought a scroll of magic mapping for 42 gold pieces
  4495 | Orc:4    | Bought a scroll of teleportation for 36 gold pieces
  4495 | Orc:4    | Bought a scroll of teleportation for 36 gold pieces
  4495 | Orc:4    | Bought a scroll of magic mapping for 42 gold pieces
  4495 | Orc:4    | Bought a scroll of enchant weapon for 90 gold pieces
  4495 | Orc:4    | Bought a scroll of teleportation for 36 gold pieces
  4496 | Orc:4    | Identified the +1 ring mail "Nihut" {rC+ Str-5 Int+7 Stlth+} (You bought it in a shop on level 4 of the Orcish Mines)
  4556 | Elf:1    | Entered Level 1 of the Elven Halls
  4563 | Elf:1    | Reached skill level 18 in Axes
  4569 | Elf:1    | Noticed a deep elf death mage
  4616 | Elf:1    | Killed a deep elf death mage
  4616 | Elf:1    | Reached XP level 13. HP: 119/119 MP: 8/15
  4632 | Elf:1    | Reached skill level 19 in Axes
  4802 | Elf:2    | Gained mutation: You are partially covered in molten scales (AC +1). [potion of mutation]
  4802 | Elf:2    | Gained mutation: Your magical capacity is low (-10% MP). [potion of mutation]
  4927 | Elf:3    | Entered Level 3 of the Elven Halls
  4947 | Elf:3    | Noticed Roxanne
  4953 | Elf:3    | Noticed a deep elf annihilator
  4955 | Elf:3    | Noticed a deep elf annihilator
  4957 | Elf:3    | Noticed a deep elf sorcerer
  4976 | Elf:3    | Killed a deep elf annihilator
  4983 | Elf:3    | Killed a deep elf annihilator
  5011 | Elf:3    | Reached skill level 20 in Axes
  5021 | Elf:3    | Got a steaming amber ring
  5027 | Elf:3    | Identified the ring "Qibol" {Fire Int+4} (You took it off a deep elf mage on level 3 of the Elven Halls)
  5037 | Elf:3    | Noticed a deep elf blademaster
  5059 | Elf:3    | Killed a deep elf blademaster
  5122 | Elf:3    | Killed a deep elf sorcerer
  5131 | Elf:3    | Noticed a deep elf demonologist
  5135 | Elf:3    | Noticed a blizzard demon
  5140 | Elf:3    | Killed a deep elf demonologist
  5156 | Elf:3    | Noticed a deep elf death mage
  5156 | Elf:3    | Noticed Norris
  5180 | Elf:3    | Killed Norris
  5180 | Elf:3    | Reached skill level 21 in Axes
  5180 | Elf:3    | Reached XP level 14. HP: 116/127 MP: 7/14
  5186 | Elf:3    | Got a distressingly furry buckler
  5274 | Elf:3    | Noticed a deep elf sorcerer
  5297 | Elf:3    | Killed a deep elf sorcerer
  5342 | Elf:3    | Noticed a deep elf master archer
  5364 | Elf:3    | Killed a deep elf master archer
  5414 | Elf:3    | Identified the Catalogue of Evil Good Luck
  5419 | Elf:3    | Got a polished swamp dragon armour
  5547 | Elf:3    | Got a slimy steel amulet
  5557 | Elf:3    | Identified the amulet "Viwnuf" {Inacc +Inv rPois MP-9 Dex-5} (You found it on level 3 of the Elven Halls)
  5599 | Elf:3    | Reached skill level 22 in Axes
  5603 | Elf:3    | Received a gift from Trog
  5638 | Elf:3    | Identified the Collected Works on Cloudy Battle Magic
  5660 | Elf:3    | Noticed a deep elf blademaster
  5660 | Elf:3    | Noticed a deep elf sorcerer
  5668 | Elf:3    | Killed a deep elf blademaster
  5669 | Elf:3    | Killed a deep elf sorcerer
  5689 | Elf:3    | Noticed a Hell Sentinel
  5689 | Elf:3    | Noticed an Ice Fiend
  5690 | Elf:3    | Noticed a Brimstone Fiend
  5746 | Elf:3    | Identified the Papyrus of Floating Enchantment
  5753 | Elf:3    | Noticed a deep elf sorcerer
  5777 | Elf:3    | Killed a deep elf sorcerer
  5777 | Elf:3    | Reached XP level 15. HP: 78/134 MP: 8/15
  5790 | Elf:3    | elves done
  5801 | Elf:3    | Identified the +5 swamp dragon armour "Wecin" {-Cast rPois rF+ Dex+4} (You found it on level 3 of the Elven Halls)
  5931 | Orc:4    | Bought a potion of agility for 52 gold pieces
  5931 | Orc:4    | Bought 2 potions of haste for 260 gold pieces
  5931 | Orc:4    | Bought a potion of curing for 39 gold pieces
  5931 | Orc:4    | Bought a potion of curing for 39 gold pieces
  5933 | Orc:4    | Bought a scroll of blinking for 90 gold pieces
  5933 | Orc:4    | Bought a scroll of holy word for 90 gold pieces
  5933 | Orc:4    | Bought a scroll of identify for 24 gold pieces
  5933 | Orc:4    | Bought a scroll of identify for 24 gold pieces
  6100 | Lair:1   | Entered Level 1 of the Lair of Beasts
  6239 | Lair:4   | Gained mutation: You possess an exceptional clarity of mind. [potion of beneficial mutation]
  6356 | Lair:5   | Found a basalt altar of Yredelemnul.
  6398 | Lair:5   | Noticed 4thArraOfDagon's ghost (novice FeFi)
  6406 | Lair:5   | Killed 4thArraOfDagon's ghost
  6419 | Lair:5   | Found a labyrinth entrance.
  6433 | Lab      | Entered a labyrinth
  6474 | Lab      | Reached skill level 23 in Axes
  6642 | Lab      | Identified the Collected Works on Curses (You found it in a labyrinth)
  6650 | Lab      | Identified Raac Cae's Guide on Spatial Arcane Weapons (You found it in a labyrinth)
  6657 | Lab      | there
  6662 | Lab      | Identified Zipnateq's Compendium of Good Luck (You found it in a labyrinth)
  6688 | Lair:5   | Found a staircase to the Swamp.
  6699 | Swamp:1  | Entered Level 1 of the Swamp
  6711 | Swamp:1  | You fall through a shaft!
  6957 | Swamp:3  | Received a gift from Trog
  7007 | Swamp:4  | Entered Level 4 of the Swamp
  7017 | Swamp:4  | Reached skill level 15 in Armour
  7096 | Swamp:4  | Reached ****** piety under Trog
  7121 | Swamp:4  | Reached skill level 5 in Dodging
  7123 | Swamp:4  | Noticed a thorn hunter
  7136 | Swamp:4  | Killed a thorn hunter
  7387 | Swamp:4  | Reached XP level 16. HP: 84/141 MP: 8/16
  7395 | Swamp:4  | Noticed a tentacled monstrosity
  7409 | Swamp:4  | Killed a tentacled monstrosity
  7537 | Swamp:4  | Got a decaying rune of Zot
  7608 | Swamp:3  | uhhh
  7703 | Swamp:1  | Reached skill level 24 in Axes
  7918 | Lair:7   | Received a gift from Trog
  7918 | Lair:7   | Reached skill level 5 in Evocations
  8002 | Lair:6   | there
  8014 | Lair:6   | Found a runed door.
  8033 | Lair:6   | it all depends on this
  8041 | Lair:6   | Found a viscous altar of Jiyva.
  8049 | Lair:6   | Found a staircase to the Slime Pits.
  8092 | Slime:1  | Entered Level 1 of the Pits of Slime
  8092 | Slime:1  | Noticed an acid blob
  8103 | Slime:1  | Killed an acid blob
  8187 | Slime:1  | Noticed an acid blob
  8201 | Slime:1  | Killed an acid blob
  8239 | Slime:2  | Reached skill level 10 in Evocations
  8310 | Slime:2  | Received a gift from Trog
  8370 | Slime:5  | Noticed an acid blob
  8381 | Slime:5  | Killed an acid blob
  8450 | Slime:6  | Entered Level 6 of the Pits of Slime
  8480 | Slime:6  | Noticed an acid blob
  8482 | Slime:6  | Received a gift from Trog
  8494 | Slime:6  | Noticed the Royal Jelly
  8497 | Slime:6  | Killed an acid blob
  8499 | Slime:6  | Reached XP level 17. HP: 148/148 MP: 11/24
  8762 | Slime:6  | Found a viscous altar of Jiyva.
  8793 | Slime:6  | Reached skill level 25 in Axes
  8878 | Slime:6  | Killed the Royal Jelly
  9106 | Slime:6  | Got a slimy rune of Zot
  9208 | Slime:6  | Got an ichor-stained demon trident
  9227 | Slime:6  | Identified the +7 demon trident of the First Eyes {freeze, rPois Int+6} (You found it on level 6 of the Pits of Slime)
  9260 | Slime:6  | Identified a +7 rod of ignition (11/11) (You found it on level 6 of the Pits of Slime)
  9299 | Slime:6  | Was placed under penance by Trog
  9301 | Slime:6  | Learned a level 1 spell: Apportation
  9304 | Slime:6  | Learned a level 2 spell: Repel Missiles
  9309 | Slime:6  | Learned a level 4 spell: Passage of Golubria
  9312 | Slime:6  | Learned a level 2 spell: Song of Slaying
  9317 | Slime:6  | Learned a level 3 spell: Spectral Weapon
  9348 | Slime:6  | Paralysed by a great orb of eyes for 3 turns
  9526 | Lair:7   | Reached skill level 26 in Axes
  9638 | Lair:8   | Entered Level 8 of the Lair of Beasts
  9731 | Lair:8   | ummm
  9740 | Lair:8   | Annihilated by a stone giant

Vault maps used:
D:1:      dpeg_arrival_tiny_d
D:2:      marbit_many_paths, ecumenical_altar_2, elyvilon_altar_4, uniq_robin,
          uniq_sigmund
D:3:      fedhas_altar_2, xom_teletrap_fun
D:4:      nemelex_xobeh_ov_fountains_minmay, gammafunk_temple_overflow_pools,
          minmay_temple_entry_fiery, first_bread
D:5:      serial_bayou_pond_d
D:6:      feat_on_display, uniq_edmund
D:7:      lemuel_doored_altar, kennysheep_vampire_church
D:8:      cheibriados_altar_wand_db, bloody_makhleb, okawaru_ov_weapons_minmay,
          grunt_pizzeria
D:9:      serial_shops, shop
D:11:     lair_0_dummy, serial_shops, shop, kennysheep_little_box, shop,
          nicolae_shop_behind_doors, johnstein_pakellas_dig, uniq_maurice
D:12:     serial_shops, nicolae_shop_behind_doors, basic_altar
D:13:     patterned_corridor, uniq_josephine
D:14:     minmay_tri_stars, erik_vaults_1, minmay_misc_feat_secret_circle,
          corner_web_ring, st_stairs_3
D:15:     gammafunk_depths_entry_grave, serial_shops, nicolae_shop_statue_plus,
          nicolae_sextant, st_stairs_1, uniq_nessos
Lair:3:   lemuel_fruit_fields, serial_bayou_shore_b
Lair:4:   gammafunk_lair_bear_cave, nicolae_spider_entry_orb_guardian
Lair:5:   minmay_swamp_entry_swarm, basic_altar, lab_entry_generic,
          kennysheep_catoblepas_arena
Lair:6:   slime_altar_2, minmay_stone_trees_medium
Lair:7:   lemuel_fruit_fields, lemuel_fruit_fields
Lair:8:   wormcave
Swamp:1:  evilmike_swamp_ruin_house_1, swamp_pool4
Swamp:2:  infiniplex_staircase_pool, swamp_pool3, uniq_nikola
Swamp:3:  evilmike_swamp_ruin_rubble_1, nicolae_swamp_feature_on_the_river_bank
Swamp:4:  swamp_vile
Slime:1:  cheibrodos_slime_lost_civilization_6
Slime:2:  cheibrodos_slime_lost_civilization_1
Slime:4:  cheibrodos_slime_lost_civilization_7
Slime:5:  hangedman_slime_spill
Orc:1:    minmay_goldmine
Orc:2:    nicolae_orc_rich_vein
Orc:3:    basic_altar, nicolae_orc_pool_cavern
Orc:4:    st_orc_rangers, guppyfry_library_mini, uniq_donald, uniq_maud
Elf:1:    eino_elf_arrival_the_gate, kennysheep_underground_church
Elf:2:    minmay_misc_feat_columns
Elf:3:    grunt_elf_hall_spiral, st_stairs_9, hex_large, uniq_aizul,
          uniq_roxanne, uniq_norris
Lab:      nicolae_lab_dead_adventurers, nicolae_lab_swirl, nicolae_lab_grate,
          lab_statue, nicolae_lab_very_dead_end

Action                   |  1- 3 |  4- 6 |  7- 9 | 10-12 | 13-15 | 16-18 || total
-------------------------+-------+-------+-------+-------+-------+-------++-------
Melee: Hand axe          |    40 |   114 |   177 |   286 |       |       ||   617
       Battleaxe         |       |       |       |   206 |       |       ||   206
       Executioner's axe |       |       |       |    85 |   576 |   502 ||  1163
Throw: Javelin           |       |     2 |       |       |       |       ||     2
Invok: Berserk           |     4 |     2 |     5 |    17 |    13 |     9 ||    50
       Trog's Hand       |       |     2 |     3 |    27 |    11 |    24 ||    67
       Brothers in Arms  |       |       |       |     2 |     5 |     4 ||    11
       Burn Spellbooks   |       |       |       |       |     1 |     3 ||     4
 Abil: Stop Flying       |       |       |       |     1 |       |       ||     1
       Evoke Berserk Rag |       |       |       |       |       |     3 ||     3
Evoke: Wand              |       |       |     3 |    12 |     8 |    10 ||    33
       Phial of floods   |       |       |     1 |     1 |       |       ||     2
       Deck              |       |       |       |       |       |     2 ||     2
       Fan of gales      |       |       |       |       |       |     1 ||     1
       Phantom mirror    |       |       |       |       |       |     1 ||     1
  Use: Scroll            |       |       |     4 |    19 |    15 |    10 ||    48
       Potion            |       |       |     1 |     2 |     6 |     5 ||    14
 Stab: Sleeping          |       |       |       |     2 |     1 |       ||     3
       Confused          |       |       |       |     1 |       |       ||     1
       Distracted        |       |       |       |       |     1 |     1 ||     2
  Eat: Chunk             |     1 |     5 |     8 |    26 |    15 |     4 ||    59
       Pizza             |       |       |       |     4 |     5 |     2 ||    11
       Beef jerky        |       |       |       |       |     1 |     1 ||     2
       Fruit             |       |       |       |       |     3 |    13 ||    16
       Bread ration      |       |       |       |       |     1 |     3 ||     4
       Royal jelly       |       |       |       |       |     1 |       ||     1
